 Dungeon Crawl Stone Soup version 0.16.2-12-gd0ad4c3 (webtiles) character file.

441 HAWKINGL3623 the Covered (level 7, 0/54 HPs)
             Began as a Human Fighter on Oct 30, 2016.
             Was an Initiate of Zin.
             Slain by fearitself's ghost (1 damage)
             ... on level 4 of the Dungeon.
             The game lasted 00:15:03 (4090 turns).

HAWKINGL3623 the Covered (Human Fighter)            Turns: 4090, Time: 00:15:03

Health: 0/54       AC:  9    Str: 18    XL:     7   Next: 22%
Magic:  7/7        EV:  3    Int:  8    God:    Zin [......]
Gold:   84         SH:  7    Dex: 13    Spells: 0 memorised, 6 levels left

rFire  . . .     SeeInvis .     a - +0 long sword
rCold  . . .     Clarity  .     f - +0 chain mail
rNeg   . . .     SustAb   .     c - +0 shield
rPois  .         Gourm    .     b - +0 helmet
rElec  .         Spirit   .     (no cloak)
rCorr  .         Warding  .     (no gloves)
rMut   .         Stasis   .     (no boots)
MR     .....                    j - amulet of rage
Stlth  ..........               (no ring)
                                (no ring)

@: exhausted, slowed, glowing, very heavily drained, very slow, not resistant to
hostile enchantments, extremely unstealthy
A: no striking features
a: Renounce Religion, Evoke Berserk Rage


You were on level 4 of the Dungeon.
You worshipped Zin.
Zin was noncommittal.
You were not hungry.

You visited 1 branch of the dungeon, and saw 4 of its levels.

You collected 93 gold pieces.
You donated 9 gold pieces to Zin.

Inventory:

Hand weapons
 a - a +0 long sword (weapon)
Armour
 b - a +0 helmet (worn)
 c - a +0 shield (worn)
 f - a +0 chain mail (worn)
Jewellery
 j - an amulet of rage (around neck)
Scrolls
 h - a scroll of remove curse
 i - 3 scrolls of identify
Comestibles
 d - a bread ration
 g - a meat ration


   Skills:
 + Level 4.1(0.0) Fighting
 + Level 3.3(0.0) Long Blades
 + Level 4.6(0.0) Armour
 + Level 2.0(0.0) Dodging
 + Level 0.2(0.0) Stealth
 + Level 4.6(0.0) Shields
 + Level 0.2(0.0) Evocations


You had 6 spell levels left.
You didn't know any spells.

Dungeon Overview and Level Annotations

Branches:
Dungeon (4/15)
 Temple: D:4-7

Altars:
Zin

Shops:
D:2 *   D:4 [

Annotations:
D:4 fearitself's ghost, average KoEn


Message History

Fearitself's ghost hits you but does no damage.
You feel drained. Fearitself's ghost hits you.
* * * LOW HITPOINT WARNING * * *
You feel drained.
* * * LOW HITPOINT WARNING * * *
Your shield and chain mail prevent you from hitting fearitself's ghost.
Fearitself's ghost hits you.
* * * LOW HITPOINT WARNING * * *
You feel drained.
Fearitself's ghost hits you but does no damage.
You feel drained.
You closely miss fearitself's ghost.
Fearitself's ghost hits you but does no damage.
You feel drained. Fearitself's ghost hits you.
* * * LOW HITPOINT WARNING * * *
You feel drained.
You closely miss fearitself's ghost. Fearitself's ghost hits you.
* * * LOW HITPOINT WARNING * * *
You feel drained.
You die...

### ###################
#.## #........#........#
.#.## #.######.#.######.#
###.## #.######.#.# #.# #
##.#######........#.####
#.#
###...........).W........#
#.#
.#.#########....@#..#.##.#
#.# ...###
#....##..#.##.###.# ##W..#
#........#........# ##.#.#
#.......#####.##### ##...#
###.##### #..# .#..##
##'## ##.# #.#.# ##...##
#.# ###.## ##.....## ##.#
#..## ##.......## ##..#


You could see fearitself's ghost.

Vanquished Creatures
  The ghost of Belboz the Insei, an average TeBe of Trog (D:3)
  An iguana (D:4)
  3 orc wizards
  4 worker ants (D:4)
  9 adders
  A gnoll (D:3)
  2 worms
  A giant mite (D:3)
  3 giant geckos
  An ooze (D:2)
  10 orcs
  10 bats
  A bat skeleton (D:4)
  8 goblins
  11 hobgoblins
  A quokka (D:3)
  A ball python (D:4)
  3 giant newts
  15 kobolds
  7 rats
93 creatures vanquished.

Notes
Turn   | Place    | Note
--------------------------------------------------------------
     0 | D:1      | HAWKINGL3623, the Human Fighter, began the quest for the Orb.
     0 | D:1      | Reached XP level 1. HP: 18/18 MP: 1/1
   171 | D:1      | Reached XP level 2. HP: 14/24 MP: 2/2
   839 | D:2      | Reached XP level 3. HP: 29/29 MP: 3/3
   902 | D:2      | Found Zin's Purification Station.
   902 | D:2      | Found a glowing silver altar of Zin.
   907 | D:2      | Became a worshipper of Zin the Law-Giver
  1034 | D:2      | Reached XP level 4. HP: 35/35 MP: 4/4
  1612 | D:2      | Reached skill level 1 in Dodging
  1928 | D:3      | Reached XP level 5. HP: 20/41 MP: 5/5
  1932 | D:3      | Reached skill level 4 in Shields
  1977 | D:3      | Noticed Belboz's ghost (average TeBe)
  2465 | D:3      | Killed Belboz's ghost
  2465 | D:3      | Reached XP level 6. HP: 29/48 MP: 6/6
  3371 | D:4      | Found Qidwous' Antique Armour Emporium.
  3647 | D:4      | Reached XP level 7. HP: 5/54 MP: 7/7
  4022 | D:4      | Noticed fearitself's ghost (average KoEn)
  4090 | D:4      | HP: 1/54 [fearitself's ghost (3)]
  4090 | D:4      | Slain by fearitself's ghost

Action                   |  1- 3 |  4- 6 |  7- 9 || total
-------------------------+-------+-------+-------++-------
Melee: Long sword        |   128 |   260 |    71 ||   459
 Abil: Evoke Berserk Rag |       |     2 |     1 ||     3
  Use: Potion            |     3 |     2 |       ||     5
       Scroll            |     2 |     2 |       ||     4
  Eat: Chunk             |     1 |     8 |       ||     9
       Beef jerky        |       |     1 |       ||     1
       Bread ration      |       |       |     1 ||     1
